 Dungeon Crawl Stone Soup version 0.20-a0-1006-ge6c5631 (webtiles) character file.

5316 Deemzul the Cleaver (level 10, -6/88 HPs)
             Began as a Formicid Fighter on Apr 12, 2017.
             Was a Believer of Okawaru.
             Shot with an arrow by Nessos (15 damage)
             ... on level 13 of the Dungeon.
             The game lasted 00:18:22 (12285 turns).

Deemzul the Cleaver (Formicid Fighter)             Turns: 12285, Time: 00:18:22

Health: -6/88      AC: 18    Str: 19      XL:     10   Next: 95%
Magic:  11/11      EV: 11    Int:  4      God:    Okawaru [**....]
Gold:   536        SH: 12    Dex: 19 (20) Spells: 9/9 levels left

rFire    + . .     SeeInvis +   a - +0 war axe
rCold    + . .     Gourm    .   c - +0 shield
rNeg     . . .     Faith    .   u - +0 plate armour
rPois    .         Spirit   .   (helmet unavailable)
rElec    .         Reflect  .   A - +0 cloak
rCorr    .         Harm     .   e - +2 pair of gloves
MR       +....                  (no boots)
Stlth    ..........             (no amulet)
Regen    0.3/turn               I - ring of protection from cold
MPRegen  0.2/turn               t - ring of protection from fire

@: agile
A: permanent stasis, dig shafts and tunnels, four strong arms, antennae 3, agile
1, dopey 2, robust 1, weak 1, no potion heal 1
a: Dig, Shaft Self, Heroism, Renounce Religion


You were on level 13 of the Dungeon.
You worshipped Okawaru.
Okawaru was pleased with you.
You were hungry.

You visited 2 branches of the dungeon, and saw 13 of its levels.
You also visited: Sewer and Bailey.

You collected 536 gold pieces.

Inventory:

Hand Weapons
 a - a +0 war axe (weapon)
 o - a +1 spear of pain
 D - the +4 dagger of Neimekhi {antimagic, rF++ rN+ Str-5 SInv}
   (You found it on level 5 of the Dungeon)

   It reduces the magical energy of the wielder, and disrupts the spells and
   magical abilities of those hit.
   Natural abilities and divine invocations are not affected.
   It affects your strength (-5).
   It greatly protects you from fire.
   It protects you from negative energy.
   It lets you see invisible.
Armour
 c - a +0 shield (worn)
 e - a +2 pair of gloves (worn)
 u - a +0 plate armour (worn)
 A - a +0 cloak (worn)
Jewellery
 b - an uncursed ring of resist corrosion {unknown}
 i - a +4 ring of intelligence
 r - an uncursed ring of flight
 s - an uncursed ring of magical power
 t - a ring of protection from fire (right hand)
 y - an uncursed ring of protection from fire
 I - a ring of protection from cold (left hand)
 L - an uncursed ring of stealth {unknown}
Wands
 p - a wand of lightning (9/15)
 z - a wand of acid (0/15)
 C - a wand of polymorph (4/24)
 H - a wand of iceblast (2/15)
 M - a wand of iceblast (0/15)
Scrolls
 g - 8 scrolls of remove curse {unknown}
 j - 11 scrolls of identify {unknown}
 l - 2 scrolls of magic mapping
 m - 2 scrolls of fear {unknown}
 n - 2 scrolls of amnesia {unknown}
 q - a scroll of noise {unknown}
 w - a scroll of immolation {unknown}
 B - 2 scrolls of teleportation {unknown}
 F - 4 scrolls of enchant armour {unknown}
 G - a scroll of acquirement {unknown}
 J - 2 scrolls of enchant weapon {unknown}
 K - 2 scrolls of blinking {unknown}
Potions
 d - 3 potions of might
 h - 6 potions of curing
 x - 4 potions of agility
Books
 E - a book of Ice

   Spells                             Type                      Level
   a - Ice Form                       Ice/Transmutation            4
   b - Metabolic Englaciation         Hexes/Ice                    5
   c - Ozocubu's Refrigeration        Ice                          6
   d - Bolt of Cold                   Conjuration/Ice              6
   e - Freezing Cloud                 Conjuration/Ice/Air          6
   f - Simulacrum                     Ice/Necromancy               6
Comestibles
 f - 3 bread rations
 k - 5 meat rations
 v - 4 fruits


   Skills:
 + Level 8.3 Fighting
 * Level 9.8 Axes
 + Level 8.2 Armour
 + Level 8.9 Shields
 + Level 2.6 Invocations
 + Level 1.6 Evocations


You had 9 spell levels left.
You didn't know any spells.

Dungeon Overview and Level Annotations

Branches:
Dungeon (14/15)            Temple (1/1) D:6
   Lair: D:8-11         Orc: D:9-12      Vaults: D:13-14

Altars:
Ashenzari
Cheibriados
Dithmenos
Elyvilon
Fedhas
Gozag
Hepliaklqana
Kikubaaqudgha
Makhleb
Nemelex Xobeh
Okawaru
Qazlal
Ru
Sif Muna
Trog
Uskayaw
Vehumet
Wu Jian
Xom
Yredelemnul
Zin
The Shining One

Shops:
D:5 }%[(:

Annotations:
D:13 Nessos


Innate Abilities, Weirdness & Mutations

You cannot be hasted, slowed, berserked, paralysed or teleported.
You can dig through walls and to a lower floor.
Your four strong arms can wield two-handed weapons with a shield.
You have a pair of large antennae on your head. (SInv)
You are agile. (Dex +2)
You are very dopey. (Int -4)
You are robust. (+10% HP)
You are weak. (Str -2)
Potions are less effective at restoring your health.


Message History

You see here 2 arrows.
You feel sick.
Nessos shoots an arrow.
The arrow hits you!
* * * LOW HITPOINT WARNING * * *
The arrow burns you.
* * * LOW HITPOINT WARNING * * *
Things that are here:
a large rock; 3 arrows
* * * LOW HITPOINT WARNING * * *
You feel sick.
Nessos blinks!
You feel sick.
Nessos shoots an arrow.
The arrow hits you!
* * * LOW HITPOINT WARNING * * *
You are more poisoned.
Nessos blinks!
You see here an arrow.
Evoke which item? (* to show all) (? for menu, Esc to quit)
Okay, then.
Your system partially rejects the healing.
You feel better.
Nessos shoots an arrow.
You block the arrow.
Nessos shoots an arrow.
The arrow hits you!
You die...

#
##≈≈≈.###.#..#####
..................
...###.####...#####
.{. #.#......# ..
#.#.###..#
#.#.###..# .
.........#
....##########.###
....C.c(((.@.....#
....##############
.


You could see Nessos and a cyclops.

Vanquished Creatures
  The ghost of luab the Basher, a novice GrFi of Okawaru (D:6)
  A wyvern (D:8)
  Edmund (D:5)
  2 phantoms
  12 orc warriors
  3 ice beasts
  3 sky beasts
  4 ogres
  11 centaurs
  2 big kobolds (Sewer)
  3 bullfrogs
  3 scorpions
  A bullfrog zombie (D:7)
  3 crimson imps
  6 orc priests
  3 hounds
  A jelly (D:8)
  6 orc wizards
  Jessica (D:2)
  An iguana (D:4)
  4 worker ants
  A killer bee zombie (D:8)
  A mummy (D:8)
  A gnoll (D:8)
  10 adders
  4 shadow imps
  An ooze (D:2)
  6 worms
  3 dart slugs
  12 leopard geckos
  46 orcs
  12 giant cockroaches
  4 goblins
  8 hobgoblins
  10 jackals
  19 kobolds
  6 quokkas
  5 ball pythons
  8 bats
  6 frilled lizards
  A hobgoblin zombie (D:8)
  A jackal skeleton (D:5)
  A kobold zombie (D:8)
  2 orc zombies (D:8)
  A quokka skeleton (D:8)
  A quokka zombie (D:7)
  8 rats
250 creatures vanquished.

Vanquished Creatures (others)
  2 plants (D:6)
2 creatures vanquished.

Grand Total: 252 creatures vanquished

Notes
Turn   | Place    | Note
-------+----------+-------------------------------------------
     0 | D:1      | Deemzul the Formicid Fighter began the quest for the Orb.
     0 | D:1      | Reached XP level 1. HP: 18/18 MP: 1/1
    53 | D:1      | Reached XP level 2. HP: 24/24 MP: 2/2
   271 | D:1      | Reached XP level 3. HP: 27/29 MP: 3/3
   641 | D:2      | Reached skill level 3 in Axes
   716 | D:2      | Reached XP level 4. HP: 33/37 MP: 4/4
   761 | D:2      | Noticed Jessica
   764 | D:2      | Killed Jessica
   778 | D:2      | Reached XP level 5. HP: 30/42 MP: 5/5
  1253 | D:3      | Found a glowing drain.
  1268 | Sewer    | Entered a sewer
  1357 | Sewer    | Noticed a big kobold
  1373 | Sewer    | Killed a big kobold
  1373 | Sewer    | Reached skill level 4 in Axes
  1373 | Sewer    | Reached XP level 6. HP: 28/49 MP: 6/6
  1597 | Sewer    | Reached skill level 5 in Shields
  1989 | D:3      | Reached XP level 7. HP: 17/55 MP: 7/7
  2694 | D:4      | Reached skill level 5 in Axes
  2724 | D:4      | Reached skill level 5 in Fighting
  2724 | D:4      | Reached skill level 5 in Armour
  3186 | D:5      | Entered Level 5 of the Dungeon
  3199 | D:5      | Found Toba's Book Emporium.
  3229 | D:5      | Reached XP level 8. HP: 60/62 MP: 8/8
  3237 | D:5      | Found Mir Exuesh's Antique Armour Emporium.
  3266 | D:5      | Got an encrusted dagger
  3268 | D:5      | Identified the +4 dagger of Neimekhi {antimagic, rF++ rN+ Str-5 SInv} (You found it on level 5 of the Dungeon)
  3337 | D:5      | Gained mutation: You are dopey. (Int -2) [mutagenic meat]
  3338 | D:5      | Gained mutation: Potions are less effective at restoring your health. [mutagenic meat]
  3340 | D:5      | Gained mutation: You are very dopey. (Int -4) [mutagenic meat]
  3341 | D:5      | Gained mutation: You are agile. (Dex +2) [mutagenic meat]
  3343 | D:5      | Gained mutation: You are robust. (+10% HP) [mutagenic meat]
  3767 | D:5      | Found Gont's Gadget Boutique.
  3779 | D:5      | Reached skill level 6 in Axes
  4124 | D:5      | Noticed Edmund
  4140 | D:5      | Killed Edmund
  4288 | D:5      | Found Qiroshras's Food Emporium.
  4309 | D:5      | Found Tylew's Weapon Shop.
  4895 | D:6      | Reached XP level 9. HP: 53/75 MP: 9/9
  4899 | D:6      | Reached skill level 7 in Axes
  5324 | D:6      | Noticed luab's ghost (novice GrFi)
  5484 | D:6      | Found a staircase to the Ecumenical Temple.
  5493 | Temple   | Entered the Ecumenical Temple
  6263 | D:6      | Killed luab's ghost
  6263 | D:6      | Reached skill level 8 in Axes
  6586 | D:6      | Found a blossoming altar of Fedhas.
  6830 | D:7      | Gained mutation: You are weak. (Str -2) [mutagenic meat]
  6876 | D:7      | Found a hide-covered altar of Uskayaw.
  6876 | D:7      | Found an iron altar of Okawaru.
  6881 | D:7      | Became a worshipper of Warmaster Okawaru
  7047 | D:7      | Reached XP level 10. HP: 74/86 MP: 10/10
  7743 | D:8      | Reached skill level 9 in Axes
  8470 | D:8      | Noticed a brown ugly thing
  8511 | D:9      | You fall through a shaft for 2 floors!
  8511 | D:11     | Noticed a two-headed ogre
  8514 | D:11     | You fall through a shaft for 3 floors!
  8831 | D:14     | Noticed a two-headed ogre
  8854 | D:14     | Noticed a cyclops
  8933 | D:14     | Found a flagged portal.
  8944 | Bailey   | Entered a bailey
  8962 | Bailey   | Reached * piety under Okawaru
  9607 | Bailey   | HP: 2/88 [orc warrior/halberd (15)]
 10022 | Bailey   | Reached skill level 1 in Invocations
 10028 | Bailey   | Reached skill level 1 in Evocations
 11946 | D:13     | Reached ** piety under Okawaru
 12272 | D:13     | Noticed Nessos
 12278 | D:13     | Noticed a cyclops
 12285 | D:13     | Shot with an arrow by Nessos

Vault maps used:
D:1:      minmay_arrival_open_corners
D:2:      minmay_door_path, serial_corexii_hall, corexii_hall_statues_t,
          corexii_hall_statues_s, corexii_hall_statues_u,
          corexii_hall_statues_i, uniq_jessica
D:3:      gup_sewer_entry_bubbles
D:4:      first_bread
D:5:      serial_corexii_hall, corexii_hall_statues_x, corexii_hall_statues_s,
          serial_shops, nicolae_shop_temple_entry_statues_fountains,
          kennysheep_little_box, nicolae_shop_crystal, shop,
          kennysheep_mini_moat, water_boxes_lemuel, uniq_edmund
D:6:      lemuel_temple_firewalk_b, fedhas_altar_decomposition
D:7:      gammafunk_temple_overflow_statue
D:8:      hangedman_ranch, minmay_mini_ossuary
D:11:     dpeg_lair_monsters, minmay_lizard_king, uniq_nergalle
D:13:     uniq_nessos
D:14:     serial_shops, shop, minivault_11, enter_bailey_2
Temple:   regret_index_temple_chain_breaker
Sewer:    kennysheep_pipe_town
Bailey:   bailey_polearm_flooded_kennysheep, bailey

Skill      XL: |  1  2  3  4  5  6  7  8  9 10 |
---------------+-------------------------------+-----
Axes           | 3 4 5 6 8 9 |  9.8
Shields        | 4 5 6 7 8 |  8.9
Fighting       | 4 5 6 7 8 |  8.3
Armour         | 4 5 6 7 8 |  8.2
Invocations    | 2 |  2.6
Evocations     | 1 |  1.6

Action                   |  1- 3 |  4- 6 |  7- 9 | 10-12 || total
-------------------------+-------+-------+-------+-------++-------
Melee: War axe           |    95 |   231 |   383 |   277 ||   986
       Dagger            |       |       |    53 |       ||    53
       Spear             |       |       |       |   237 ||   237
 Abil: Shaft Self        |       |       |       |     2 ||     2
Evoke: Wand              |       |       |       |    11 ||    11
  Use: Potion            |       |     1 |     8 |     9 ||    18
       Scroll            |       |       |       |     1 ||     1
  Eat: Chunk             |       |     4 |    24 |    11 ||    39
       Fruit             |       |       |     1 |     2 ||     3
       Royal jelly       |       |       |     1 |       ||     1
       Meat ration       |       |       |       |     1 ||     1
Armor: Scale mail        |    57 |   118 |   123 |    84 ||   382
       Skin              |       |       |    18 |       ||    18
       Plate armour      |       |       |       |   125 ||   125
Dodge: Dodged            |    38 |    92 |   114 |   152 ||   396
Block: Shield            |    70 |   141 |   197 |   341 ||   749
